 Dungeon Crawl Stone Soup version 0.28.0-47-ge53b351184 (webtiles) character file.

Game seed: 9875022132457604289

1220 Kaptain the Digger (level 8, -27/48 HPs)
             Began as a Gargoyle Earth Elementalist on Apr 25, 2022.
             Annihilated by a two-headed ogre
             ... wielding a +0 giant club
              (29 damage)
             ... on level 6 of the Dungeon.
             The game lasted 00:09:18 (5353 turns).

Kaptain the Digger (Gargoyle Earth Elementalist)    Turns: 5353, Time: 00:09:18

Health: -27/48     AC: 10    Str: 12    XL:     8   Next: 47%
Magic:  1/14       EV: 12    Int: 18    God:
Gold:   180        SH:  0    Dex: 10    Spells: 11/15 levels left

rFire   . . .      SeeInvis +   t - +3 war axe (spect)
rCold   . . .      Faith    .   (no shield)
rNeg    + . .      Spirit   .   o - +0 leather armour
rPois   ∞          Reflect  .   (no helmet)
rElec   +          Harm     .   i - +0 cloak
rCorr   .          Rampage  .   (no gloves)
Will    .....                   (no boots)
Stlth   ++........              g - amulet of regeneration
HPRegen 0.96/turn               e - ring of see invisible
MPRegen 0.14/turn               (no ring)

@: no status effects
A: sickness immunity, AC +5, negative energy resistance 1, electricity
resistance, torment resistance 1, petrification resistance
a: no special abilities


You were on level 6 of the Dungeon.
You visited 1 branch of the dungeon, and saw 6 of its levels.

You collected 180 gold pieces.

Inventory:

Hand Weapons
 q - a +0 rapier
 t - a +3 spectral war axe (weapon)
Missiles
 c - 106 stones
 j - 8 poisoned darts (quivered)
 k - 31 sling bullets
Armour
 i - a +0 cloak (worn)
 l - an orb of energy
 o - a +0 leather armour (worn)
Jewellery
 d - a +4 ring of protection
 e - a ring of see invisible (left hand)
 g - an amulet of regeneration (around neck)
 h - an amulet of guardian spirit
Scrolls
 f - 2 scrolls of teleportation
 n - a scroll of noise {unknown}
Potions
 a - 3 potions of heal wounds
 b - a potion of haste
 m - 3 potions of mutation {unknown}
 r - a potion of might {unknown}


   Skills:
 * Level 4.6 Fighting
 + Level 3.0 Armour
 + Level 2.9 Dodging
 - Level 2.1 Stealth
 * Level 4.3 Spellcasting
 * Level 4.6 Conjurations
 - Level 0.7 Transmutations
 * Level 6.4 Earth Magic


You had 11 spell levels left.
You knew the following spells:

 Your Spells              Type           Power      Damage    Failure   Level
a - Sandblast             Erth           54%        2d13      1%          1
b - Stone Arrow           Conj/Erth      46%        3d9       5%          3

Your spell library contained the following spells:

 Spells                   Type           Power      Damage    Failure   Level
 Passwall                 Tmut/Erth      13%        N/A       6%          2
 Static Discharge         Conj/Air       12%        N/A       11%         2
 Beastly Appendage        Tmut           12%        N/A       14%         1
 Wereblood                Tmut           6%         N/A       21%         2
 Scorch                   Fire           6%         2d5       26%         2
 Petrify                  Tmut/Erth      16%        N/A       38%         4
 Spider Form              Tmut/Pois      5%         N/A       43%         3
 Gell's Gravitas          Tloc           3%         N/A       47%         3
 Lesser Beckoning         Tloc           3%         N/A       47%         3
 Teleport Other           Tloc           3%         N/A       47%         3
 Flame Wave               Conj/Fire      12%        2d6       56%         4
 Sticky Flame             Conj/Fire      12%        2d4       56%         4
 Dispel Undead            Necr           3%         3d7       87%         4
 Summon Cactus Giant      Summ           1%         N/A       100%        6
 Sublimation of Blood     Necr           Unusable   N/A       N/A         2

Dungeon Overview and Level Annotations

Branches:
Dungeon (6/15)
 Temple: D:4-7

Altars:
Okawaru


Innate Abilities, Weirdness & Mutations

You are immune to sickness and miasma.
Your stone body is resilient. (AC +5)
You are immune to poison.
You resist negative energy. (rN+)
You are resistant to electric shocks. (rElec)
You are resistant to unholy torment.
You are immune to petrification.


Message History

Unknown command.
You hit the phantom.
The phantom is almost destroyed.
Your +3 spectral war axe hits the phantom.
You destroy the phantom!
Your Armour skill increases to level 3!
Unknown command.
You slash the orc!
You kill the orc!
Casting: Sandblast (safe; 1% risk of failure)
Confirm with . or Enter, or press ? or * to list all spells.
You don't have enough magic to cast this spell.
Unknown command.
Casting: Sandblast (safe; 1% risk of failure)
Confirm with . or Enter, or press ? or * to list all spells.
Aiming: Sandblast (safe; 1% risk of failure)
Press: ? - help, Shift-Dir - straight line, f - two-headed ogre
Aim: a two-headed ogre, wielding a +0 giant club and a +0 dire flail (91% to hit)
The blast of sand hits the two-headed ogre!
The two-headed ogre is moderately wounded.
c - 107 stones The iguana hisses menacingly.
Casting: Sandblast (safe; 1% risk of failure)
Confirm with . or Enter, or press ? or * to list all spells.
Aiming: Sandblast (safe; 1% risk of failure)
Press: ? - help, Shift-Dir - straight line, f/p - two-headed ogre
Aim: a two-headed ogre, wielding a +0 giant club and a +0 dire flail (moderately wounded, 91% to hit)
The blast of sand hits the two-headed ogre!
The two-headed ogre is heavily wounded.
c - 106 stones You slash the two-headed ogre!
The two-headed ogre is heavily wounded.
Your +3 spectral war axe hits the two-headed ogre but does no damage.
The two-headed ogre hits you with a +0 giant club!!
Ouch! That really hurt!
The two-headed ogre hits you with a +0 dire flail!!
* * * LOW HITPOINT WARNING * * *
The two-headed ogre hits you with a +0 giant club!!
Ouch! That really hurt!
You die...

..# #.#
#.# ...
#.# #.#
#.#
...####.#
......(@#
...####O#
#l# #K#
#.# #.#
K.. ##.


You could see a two-headed ogre, an iguana, 2 kobolds and a friendly +3 spectral
war axe (summoned).

Vanquished Creatures
  A necrophage (D:5)
  2 ogres (D:5)
  A centaur (D:6)
  3 phantoms
  2 scorpions
  A water moccasin skeleton (D:4)
  A centaur zombie (D:5)
  2 jellies (D:4)
  An orc priest (D:3)
  A hound (D:5)
  2 iguanas
  3 orc wizards
  7 adders
  3 gnolls (D:3)
  A howler monkey skeleton (D:6)
  2 worms
  4 dart slugs
  14 orcs
  7 ball pythons
  9 endoplasms
  4 giant cockroaches
  7 goblins
  7 hobgoblins
  4 jackals (D:5)
  11 kobolds
  8 quokkas
  2 bats (D:3)
  2 rats
112 creatures vanquished.

Notes
Turn   | Place    | Note
-------+----------+-------------------------------------------
     0 | D:1      | Kaptain the Gargoyle Earth Elementalist began the quest for
                  | the Orb.
     0 | D:1      | Reached XP level 1. HP: 10/10 MP: 3/3
   314 | D:1      | Reached XP level 2. HP: 16/16 MP: 1/5
  1188 | D:1      | Reached skill level 1 in Fighting
  1188 | D:1      | Reached skill level 1 in Conjurations
  1188 | D:1      | Reached skill level 4 in Earth Magic
  1188 | D:1      | Reached XP level 3. HP: 20/20 MP: 6/6
  1448 | D:2      | Noticed a scorpion
  1477 | D:2      | Killed a scorpion
  1478 | D:2      | Reached skill level 1 in Armour
  1478 | D:2      | Reached XP level 4. HP: 25/25 MP: 0/7
  1569 | D:2      | Found a faded altar of an unknown god.
  1982 | D:2      | Reached XP level 5. HP: 30/30 MP: 9/9
  2941 | D:3      | Reached XP level 6. HP: 36/36 MP: 6/10
  2946 | D:3      | Found an iron altar of Okawaru.
  3408 | D:4      | Reached skill level 5 in Earth Magic
  3709 | D:4      | Got the Grimoire of the Traveller and Unholy Rites
  3779 | D:4      | Learned a level 3 spell: Stone Arrow
  3797 | D:4      | Reached XP level 7. HP: 41/41 MP: 7/12
  4282 | D:5      | Entered Level 5 of the Dungeon
  4763 | D:5      | Reached skill level 6 in Earth Magic
  4763 | D:5      | Reached XP level 8. HP: 48/48 MP: 1/14
  5322 | D:6      | Noticed a shadow
  5323 | D:6      | Noticed a two-headed ogre
  5353 | D:6      | HP: 2/48 [two-headed ogre/+0 giant club (20)]
  5353 | D:6      | Annihilated by a two-headed ogre

Illustrated notes

Levels and vault maps discovered:
D:1:      lordsloth_arrival_two_stooges, layout_loops_corners
D:2:      layout_basic, nicolae_ecumenical_snake_handling
D:3:      layout_basic, okawaru_altar_gauntlet_db, minmay_cupped
D:4:      layout_loops_ring
D:5:      layout_loops_ring
D:6:      layout_loops_cross, nicolae_tso_swordbearing_angel, minmay_manual_moon

Skill      XL: |  1  2  3  4  5  6  7  8 |
---------------+-------------------------+-----
Fighting       | 1 2 3 4 |  4.6
Conjurations   | 1 2 3 4 |  4.6
Earth Magic    | 4 5 6 |  6.4
Armour         | 1 2 3 |  3.0
Dodging        | 2 |  2.9
Spellcasting   | 3 4 |  4.3
Stealth        | |  2.1
Transmutations | |  0.7

Action                   |  1- 3 |  4- 6 |  7- 9 || total
-------------------------+-------+-------+-------++-------
Melee: Dagger            |    19 |       |       ||    19
       Hand axe          |    12 |   124 |       ||   136
       Rapier            |       |    22 |       ||    22
       Punch             |       |     1 |       ||     1
       War axe           |       |       |    29 ||    29
Throw: Dart              |     3 |    17 |     7 ||    27
       Stone             |       |     3 |       ||     3
 Cast: Sandblast         |    22 |    58 |    33 ||   113
       Stone Arrow       |       |     1 |     9 ||    10
  Use: Scroll            |       |     4 |     4 ||     8
 Stab: Sleeping          |       |     2 |       ||     2
Armor: Robe              |    11 |    29 |       ||    40
       Leather armour    |       |    37 |    24 ||    61
Dodge: Dodged            |    29 |   106 |    27 ||   162
